 Dungeon Crawl Stone Soup version 0.30-a0-1160-g6e42c06551 (webtiles) character file.

Game seed: 17722254785889988427

9 qeuew the Sneak (level 2, -2/14 HPs)
             Began as a Spriggan Brigand on Apr 26, 2023.
             Killed from afar by Natasha (9 damage)
             ... with a magic dart
             ... on level 2 of the Dungeon.
             The game lasted 00:00:40 (538 turns).

qeuew the Sneak (Spriggan Brigand)                   Turns: 538, Time: 00:00:41

Health: -2/14      AC:  3    Str:  7    XL:     2   Next: 3%
Magic:  3/3        EV: 16    Int: 12    God:
Gold:   34         SH:  0    Dex: 16    Spells: 1/1 levels left

rFire   . . .        a - +2 dagger
rCold   . . .        (no shield)
rNeg    . . .        b - +0 robe
rPois   .            (helmet restricted)
rElec   .            c - +0 cloak
rCorr   .            (gloves unavailable)
SInv    +            (boots unavailable)
Will    .....        (no amulet)
Stlth   +++          (no ring)
HPRegen 0.22/turn    (no ring)
MPRegen 0.08/turn

%: no passive effects
@: very quick
A: very small, no large weapons, unfitting armour, see invisible, speed 3
a: no special abilities


You were on level 2 of the Dungeon.
You visited 1 branch of the dungeon, and saw 2 of its levels.

You collected 34 gold pieces.

Inventory:

Hand Weapons
 a - a +2 dagger (weapon)
Missiles
 d - 9 poisoned darts (quivered)
 e - 3 curare-tipped darts
Armour
 b - a +0 robe (worn)
 c - a +0 cloak (worn)
Potions
 f - a potion of degeneration {unknown}
 j - a potion of heal wounds


   Skills:
 + Level 1.6 Fighting
 * Level 2.5 Short Blades
 + Level 2.1 Throwing
 + Level 1.5 Dodging
 * Level 6.1 Stealth


You had one spell level left.
You didn't know any spells.
Your spell library was empty.

Dungeon Overview and Level Annotations

Branches:
Dungeon (2/15)

Altars:

Annotations:
D:2 Natasha


Innate Abilities, Weirdness & Mutations

You are very small and have problems with some larger weapons.
You are too small for most types of armour.
You have supernaturally acute eyesight. (SInv)
You cover ground extremely quickly. (Speed+++)


Message History

No target in view!
No target in view!
No target in view!
f - a ruby potion
There is a stone staircase leading up here.
You feel a little less clever now.
You open the door.
Natasha, Servant of Life and Death comes into view.
She is carrying a wand of flame (25).
Found a robe.
Natasha is nearby!
Natasha is nearby!
There is an open door here.
Natasha hisses angrily.
You hit Natasha but do no damage. Natasha completely misses you.
You closely miss Natasha.
Natasha stares at you and mumbles some strange words.
The magic dart hits you!
Ouch! That really hurt!
You are too injured to fight recklessly!
You are too injured to fight recklessly!
You are too injured to fight recklessly!
You are too injured to fight recklessly!
You are too injured to fight recklessly!
You are too injured to fight recklessly!
You are too injured to fight recklessly!
You are too injured to fight recklessly!
You are too injured to fight recklessly!
You are too injured to fight recklessly!
You are too injured to fight recklessly!
You are too injured to fight recklessly!
You are too injured to fight recklessly!
You are too injured to fight recklessly!
You are too injured to fight recklessly!
Unknown command.
You hit Natasha.
Natasha is lightly wounded.
Natasha stares at you and mumbles some strange words.
The magic dart hits you!
Ouch! That really hurt!
You die...

#####.###
##...## #.#
##.## #.# #.#
###.# #.#
#...# ##'##
###.#####
##...##
..<.....#
##.....##
###.##..#
##.......## #
#.# .#
#....@....# #
#.. ..
+....h...[+ #
#.#.
###.........#
# #.##.
##.......## .
... ..
##.....## #
#.# ##
##...## ##+##


You could see Natasha.

Vanquished Creatures
  A giant cockroach (D:1)
  2 jackals (D:1)
  A ball python (D:2)
  A bat (D:1)
  A frilled lizard (D:1)
  A kobold (D:1)
  3 rats (D:1)
10 creatures vanquished.

Vanquished Creatures (others)
  5 toadstools (D:1)
5 creatures vanquished.

Grand Total: 15 creatures vanquished

Notes
Turn   | Place    | Note
-------+----------+-------------------------------------------
     0 | D:1      | qeuew the Spriggan Brigand began the quest for the Orb.
     0 | D:1      | Reached XP level 1. HP: 10/10 MP: 2/2
   127 | D:1      | Reached skill level 6 in Stealth
   303 | D:1      | Reached XP level 2. HP: 14/14 MP: 3/3
   530 | D:2      | Noticed Natasha
   538 | D:2      | Killed from afar by Natasha

Illustrated notes

Levels and vault maps discovered:
D:1:      ldierk_walled_garden, layout_rooms
D:2:      layout_loops_corners, uniq_natasha, uniq_terence

Skill      XL: |  1 |
---------------+----+-----
Stealth        | 6 |  6.1
Fighting       | |  1.6
Short Blades   | |  2.5
Throwing       | |  2.1
Dodging        | |  1.5

Action                     || total
---------------------------++-------
  Melee: Dagger            ||    24
    Use: Scroll            ||     4
         Potion            ||     1
   Stab: Sleeping          ||     4
 Armour: Robe              ||     3
  Dodge: Dodged            ||    18

Table legend: (Time is in decaauts)
 A = Elapsed time spent in this place.
 B = Non-inter-level travel time spent in this place.
 C = Inter-level travel time spent in this place.
 D = Time resting spent in this place.
 E = Time spent auto-exploring this place.
 F = Levels seen in this place.
 G = Mean time per level.
                   A        B        C        D        E       F      G
               +--------+--------+--------+--------+--------+-----+--------+
         Total |    340 |    323 |     17 |      0 |    252 |   2 |  170.0 |
       Dungeon |    340 |    323 |     17 |      0 |    252 |   2 |  170.0 |
               +--------+--------+--------+--------+--------+-----+--------+

Top non-repeatable levels by time:
     D:1: 295 daAuts
     D:2: 44 daAuts
